 Dungeon Crawl Stone Soup version 0.27.1 (webtiles) character file.

Game seed: 11363675066230741879

7445 pkoi the Grappler (level 10, -4/94 HPs)
             Began as a Troll Monk on Aug 27, 2021.
             Was a Priest of Dithmenos.
             Slain by a cyan ugly thing (13 damage)
             ... on level 9 of the Dungeon.
             The game lasted 00:15:00 (7423 turns).

pkoi the Grappler (Troll Monk)                      Turns: 7423, Time: 00:15:01

Health: -4/94      AC:  8    Str: 25    XL:     10   Next: 93%
Magic:  13/13      EV: 11    Int:  7    God:    Dithmenos [***...]
Gold:   376        SH:  0    Dex: 12    Spells: 13/15 levels left

rFire    + . .     SeeInvis .     - Unarmed
rCold    . . .     Faith    .   (no shield)
rNeg     + . .     Spirit   .   h - +0 acid dragon scales
rPois    .         Reflect  .   (helmet restricted)
rElec    .         Harm     .   d - scarf {shadows}
rCorr    +         Rampage  .   (gloves unavailable)
Will     .....                  (boots unavailable)
Stlth    +.........             (no amulet)
HPRegen  1.25/turn              m - ring "Turru" {rF+ rN+}
MPRegen  0.13/turn              (no ring)

@: wreathed by umbra
A: large, unfitting armour, claws 3, regeneration 1, shaggy fur 1, tough skin 1,
strong 1, evolution 1, no potion heal 1
a: Renounce Religion, Shadow Step


You were on level 9 of the Dungeon.
You worshipped Dithmenos.
Dithmenos was most pleased with you.
You visited 2 branches of the dungeon, and saw 11 of its levels.

You collected 506 gold pieces.
You spent 130 gold pieces at shops.

Inventory:

Armour
 a - a +0 robe
 d - a scarf of shadows (worn)
 h - +0 acid dragon scales (worn)
 q - a scarf of resistance
Jewellery
 m - the ring "Turru" (left claw) {rF+ rN+}
   (You found it on level 7 of the Dungeon)

   [ring of positive energy]

   rF:        It protects you from fire.
   rN:        It protects you from negative energy.
Wands
 g - a wand of digging (3)
 k - a wand of flame (12)
 p - a wand of acid (12)
Scrolls
 b - a scroll of magic mapping
 e - a scroll of brand weapon {unknown}
 i - 6 scrolls of identify
 j - 5 scrolls of immolation {unknown}
 n - 3 scrolls of teleportation
 o - 2 scrolls of fog
 v - a scroll of enchant weapon
Potions
 c - 7 potions of curing
 f - a potion of berserk rage
 l - a potion of might
 r - a potion of haste
 s - a potion of lignification {unknown}
 t - 2 potions of flight
 u - a potion of attraction {unknown}
 w - a potion of heal wounds


   Skills:
 + Level 4.9 Fighting
 + Level 5.0 Dodging
 - Level 1.0 Stealth
 + Level 13.2 Unarmed Combat
 + Level 3.0 Spellcasting
 + Level 3.7 Translocations


You had 13 spell levels left.
You knew the following spells:

 Your Spells              Type           Power      Damage    Failure   Level
a - Blink                 Tloc           N/A        N/A       14%         2

Your spell library contained the following spells:

 Spells                   Type           Power      Damage    Failure   Level
 Lesser Beckoning         Tloc           3%         N/A       28%         3
 Summon Small Mammal      Summ           4%         N/A       38%         1
 Passage of Golubria      Tloc           N/A        N/A       67%         4
 Call Canine Familiar     Summ           1%         N/A       77%         3
 Ozocubu's Armour         Ice            1%         N/A       77%         3
 Summon Guardian Golem    Hex/Summ       1%         N/A       77%         3
 Tukima's Dance           Hex            1%         N/A       77%         3
 Manifold Assault         Tloc           6%         N/A       95%         5
 Yara's Violent Unravell  Hex/Tmut       0%         3d3       100%        5
 Ozocubu's Refrigeration  Ice            0%         4d5       100%        7


Dungeon Overview and Level Annotations

Branches:
Dungeon (10/15)            Temple (1/1) D:5
   Lair: D:8-11         Orc: D:9-12

Altars:
Ashenzari
Cheibriados
Dithmenos
Elyvilon
Fedhas
Gozag
Hepliaklqana
Kikubaaqudgha
Nemelex Xobeh
Okawaru
Qazlal
Ru
Sif Muna
Trog
Uskayaw
Wu Jian
Xom
Yredelemnul
Zin
The Shining One

Shops:
D:7 !

Annotations:
D:9 3 runed translucent doors, ZARRMARR's ghost, novice PaFi


Innate Abilities, Weirdness & Mutations

You are too large for most types of armour.
You have claws for hands.
Your natural rate of healing is unusually fast.
You are covered in fur. (AC +1)
You have tough skin. (AC +1)
Your muscles are strong. (Str +2)
You evolve.
Potions are less effective at restoring your health.


Message History

You hear a shout!
There is a stone staircase leading up, spattered with blood here.
Unknown command.
The centaur warrior shoots an arrow.
The arrow hits you! The cyan ugly thing closely misses you.
You climb upwards.
Level annotation: 3 runed translucent doors, ZARRMARR's ghost, novice PaFi
There is a stone staircase leading down here.
You barely miss the cyan ugly thing.
The cyan ugly thing tail-slaps you but does no damage.
You scratch the cyan ugly thing.
The cyan ugly thing is lightly wounded.
You claw the cyan ugly thing!
The cyan ugly thing is moderately wounded.
The cyan ugly thing tail-slaps you! The cyan ugly thing shocks you!
* * * LOW HITPOINT WARNING * * *
You claw the cyan ugly thing! You claw the cyan ugly thing.
The cyan ugly thing is moderately wounded.
The cyan ugly thing tail-slaps you!
* * * LOW HITPOINT WARNING * * *
The cyan ugly thing shocks you!
* * * LOW HITPOINT WARNING * * *
You scratch the cyan ugly thing but do no damage.
The cyan ugly thing is moderately wounded.
The cyan ugly thing tail-slaps you but does no damage.
You closely miss the cyan ugly thing.
The cyan ugly thing is moderately wounded.
The cyan ugly thing tail-slaps you!
* * * LOW HITPOINT WARNING * * *
The cyan ugly thing shocks you!
* * * LOW HITPOINT WARNING * * *
The cyan ugly thing tail-slaps you but does no damage.
You see here a +0 pair of boots.
You feel a genetic drift.
You feel a little more calm.
Unknown command.
The cyan ugly thing tail-slaps you!
* * * LOW HITPOINT WARNING * * *
The cyan ugly thing shocks you!
You die...

#...# #...# #...# ## #...# ####.
#...# #.... #...# ###++
################...###########...
........>.<..............(..#J$.[
................@u.......[.[#....
...........................>#....
........)...................##..$
.............................##
..............................###
...........[.....................
..............[..........).......
........................!........
################..<##############


You could see a cyan ugly thing.

Vanquished Creatures
  A two-headed ogre (D:4)
  A manticore (D:6)
  A gargoyle (D:6)
  Maggie (D:7)
  An unseen horror (D:6)
  A kobold demonologist (D:9)
  A hornet (D:9)
  Prince Ribbit (D:6)
  Grinder (D:3)
  A shadow (D:9)
  Sigmund (D:4)
  A wyvern (D:9)
  2 wraiths
  3 yaks (D:5)
  3 steam dragons
  A water moccasin (D:6)
  2 hornet zombies
  Duvessa (D:6)
  4 ice beasts
  A black bear (D:6)
  3 ogres
  An orc warrior (D:7)
  4 centaurs
  3 bullfrogs
  A gnoll sergeant (D:8)
  Dowan (D:6)
  A scorpion (D:4)
  A wyvern skeleton (D:7)
  A water moccasin skeleton (D:4)
  7 wights
  A bullfrog zombie (D:5)
  A centaur zombie (D:6)
  A jelly (D:4)
  Crazy Yiuf (D:6)
  3 orc priests
  A hound (D:6)
  A centaur skeleton (D:5)
  2 gnoll shamans
  2 iguanas
  6 orc wizards
  A hound zombie (D:5)
  2 howler monkey zombies
  5 adders
  16 gnolls
  A shadow imp (D:6)
  2 ufetubi
  An adder skeleton (D:4)
  3 worms (D:2)
  2 dart slugs
  20 orcs
  5 ball pythons
  8 endoplasms
  2 giant cockroaches
  12 goblins
  8 hobgoblins
  3 jackals (D:3)
  2 quokkas
  5 bats
  7 frilled lizards
  6 kobolds
  11 rats
193 creatures vanquished.

Vanquished Creatures (others)
  An orc priest (D:7)
1 creature vanquished.

Grand Total: 194 creatures vanquished

Notes
Turn   | Place    | Note
-------+----------+-------------------------------------------
     0 | D:1      | pkoi the Troll Monk began the quest for the Orb.
     0 | D:1      | Reached XP level 1. HP: 22/22 MP: 0/0
   117 | D:1      | Reached XP level 2. HP: 28/29 MP: 1/1
   158 | D:1      | Reached skill level 4 in Unarmed Combat
   303 | D:1      | Reached XP level 3. HP: 36/36 MP: 2/2
   993 | D:2      | Reached skill level 5 in Unarmed Combat
   993 | D:2      | Reached XP level 4. HP: 41/44 MP: 3/3
  1038 | D:2      | Reached XP level 5. HP: 47/50 MP: 4/4
  1247 | D:2      | Found a faded altar of an unknown god.
  1784 | D:3      | Noticed Grinder
  1787 | D:3      | Paralysed by Grinder for 5 turns
  1798 | D:3      | Killed Grinder
  1799 | D:3      | Reached skill level 7 in Unarmed Combat
  1799 | D:3      | Reached XP level 6. HP: 39/59 MP: 5/5
  2621 | D:4      | Found a hide-covered altar of Uskayaw.
  2622 | D:4      | Noticed Sigmund
  2785 | D:4      | Killed Sigmund
  2786 | D:4      | Reached skill level 8 in Unarmed Combat
  2786 | D:4      | Reached XP level 7. HP: 33/66 MP: 6/6
  2845 | D:4      | Noticed a two-headed ogre
  2955 | D:5      | Entered Level 5 of the Dungeon
  3060 | D:5      | Reached skill level 9 in Unarmed Combat
  3165 | D:5      | You fall into a shaft and drop 3 floors!
  3303 | D:7      | Reached XP level 8. HP: 67/74 MP: 7/7
  3326 | D:7      | Noticed Maggie
  3364 | D:7      | Killed Maggie
  3365 | D:7      | Reached skill level 10 in Unarmed Combat
  3469 | D:7      | Identified the ring "Turru" {rF+ rN+}
  3549 | D:6      | Noticed a gargoyle
  3552 | D:6      | Killed a gargoyle
  3553 | D:6      | Reached skill level 11 in Unarmed Combat
  3918 | D:5      | Reached skill level 12 in Unarmed Combat
  3918 | D:5      | Reached XP level 9. HP: 77/80 MP: 8/8
  4029 | D:5      | Learned a level 2 spell: Blink
  4051 | D:5      | Found a staircase to the Ecumenical Temple.
  4079 | Temple   | Entered the Ecumenical Temple
  4290 | Temple   | Became a worshipper of Dithmenos the Shadowed
  4290 | Temple   | Reached * piety under Dithmenos
  4290 | Temple   | Reached ** piety under Dithmenos
  4661 | D:4      | Gained mutation: You tend to lose your temper in combat.
                  | [potion of mutation]
  4661 | D:4      | Gained mutation: Potions are less effective at restoring
                  | your health. [potion of mutation]
  4661 | D:4      | Gained mutation: You evolve. [potion of mutation]
  4779 | D:4      | Killed a two-headed ogre
  4780 | D:4      | Reached skill level 1 in Spellcasting
  4780 | D:4      | Reached skill level 1 in Translocations
  5029 | D:4      | Found a snail-covered altar of Cheibriados.
  5070 | D:4      | Found an opulent altar of Gozag.
  5070 | D:4      | Found a bloodstained altar of Trog.
  5560 | D:6      | Noticed Duvessa
  5560 | D:6      | Noticed Dowan
  5588 | D:6      | Reached XP level 10. HP: 91/91 MP: 11/11
  5595 | D:6      | Killed Duvessa
  5598 | D:6      | Killed Dowan
  5771 | D:6      | Found a runed translucent door.
  5772 | D:6      | Noticed Crazy Yiuf
  5778 | D:6      | Killed Crazy Yiuf
  5833 | D:6      | Noticed Prince Ribbit
  5848 | D:6      | Killed Prince Ribbit
  5910 | D:6      | Noticed a manticore
  5919 | D:6      | Killed a manticore
  6069 | D:6      | Reached skill level 13 in Unarmed Combat
  6167 | D:7      | Reached *** piety under Dithmenos
  6207 | D:7      | Identified the +2 pair of boots "Huquem" {*Corrode rElec
                  | rF++ Str+4}
  6376 | D:7      | Gained mutation: Your muscles are strong. (Str +2)
                  | [evolution]
  6426 | D:7      | Found Baixkaz's Distillery.
  6429 | D:7      | Bought a potion of haste for 130 gold pieces
  6903 | D:9      | Found a runed translucent gate.
  6903 | D:9      | Found a runed translucent gate.
  6903 | D:9      | Found a runed translucent gate.
  6906 | D:9      | Noticed ZARRMARR's ghost (novice PaFi)
  6963 | D:9      | Paralysed by a hornet for 1 turns
  6974 | D:8      | HP: 4/93 [bullfrog (3)]
  7319 | D:10     | Entered Level 10 of the Dungeon
  7319 | D:10     | Noticed a centaur warrior
  7320 | D:10     | Noticed a cyan ugly thing
  7321 | D:10     | Noticed a manticore
  7335 | D:9      | Reached skill level 5 in Dodging
  7413 | D:9      | HP: 4/94 [cyan ugly thing (15)]
  7417 | D:9      | Lost mutation: You tend to lose your temper in combat.
                  | [evolution]
  7423 | D:9      | Slain by a cyan ugly thing

Illustrated notes

Levels and vault maps discovered:
D:1:      giann_horns, layout_basic, minmay_3d_cube
D:2:      layout_basic, dreamdust_ecumenical_altar_hidden_monk_grotto,
          chequers_serial_rivers_marsh, kennysheep_generic_room_15
D:3:      layout_basic, eino_tiny_chamber, chequers_decorated_corner,
          kennysheep_nub, uniq_grinder
D:4:      layout_loops_cross, mainiacjoe_overflow_catch_the_wave,
          gammafunk_temple_overflow_elements, minmay_misc_feat_chi,
          sigmund_army, uniq_sigmund
D:5:      layout_basic, temple_green, amcnicky_mini_pool_small,
          patterned_corridor
D:6:      layout_basic, kb_rosetta, uniq_prince_ribbit1,
          uniq_crazy_yiuf_cottage, uniq_duvessa
D:7:      layout_cave_pools, serial_shops, nicolae_shop_behind_doors,
          chequers_serial_rivers_micro_b, minivault_26, uniq_maggie
D:8:      layout_rooms
D:9:      layout_cross, gammafunk_ghost_ooze, chequers_serial_rivers_micro_a
D:10:     layout_rooms, grunt_temple_overflow_lords_of_destruction,
          dpeg_lair_monsters, minmay_checkerbox
Temple:   regret_index_temple_sphere_string

Skill      XL: |  1  2  3  4  5  6  7  8  9 10 |
---------------+-------------------------------+-----
Unarmed Combat | 4 5 7 8 9 12 13 | 13.2
Fighting       | 3 4 |  4.9
Dodging        | 3 5 |  5.0
Spellcasting   | 1 3 |  3.0
Translocations | 2 3 |  3.7
Stealth        | |  1.0

Action                   |  1- 3 |  4- 6 |  7- 9 | 10-12 || total
-------------------------+-------+-------+-------+-------++-------
Melee: Unarmed           |    90 |   113 |   186 |   169 ||   558
       Punch             |     3 |     2 |    16 |    14 ||    35
Evoke: Wand              |       |       |       |     2 ||     2
  Use: Potion            |       |       |     5 |     1 ||     6
       Scroll            |       |       |    11 |       ||    11
 Stab: Sleeping          |     3 |     3 |     3 |       ||     9
Armor: Robe              |    24 |    30 |    11 |       ||    65
       Acid dragon scale |       |       |    36 |    75 ||   111
Dodge: Dodged            |    46 |    57 |    92 |    91 ||   286
